 Dungeon Crawl Stone Soup version 0.30.1-9-gdf580d7c3d (webtiles) character file.

Game seed: 883355162337386985

331 Cheops the Conjurer (level 6, -5/49 HPs)
             Began as a Naga Fire Elementalist on Sept 29, 2023.
             Slain by an iguana (13 damage)
             ... on level 3 of the Dungeon.
             The game lasted 00:11:24 (2275 turns).

Cheops the Conjurer (Naga Fire Elementalist)        Turns: 2275, Time: 00:11:24

Health: -5/49      AC:  4    Str: 11    XL:     6   Next: 52%
Magic:  6/10       EV:  9    Int: 17    God:
Gold:   140        SH:  0    Dex: 11    Spells: 1/11 levels left

rFire   + . .        a - +2 dagger (venom)
rCold   . . .        (no shield)
rNeg    . . .        t - +1 robe {rF+}
rPois   +            (no helmet)
rElec   .            (no cloak)
rCorr   .            (no gloves)
SInv    +            (no barding)
Will    .....        p - amulet of magic regeneration
Stlth   ++           (no ring)
HPRegen 0.28/turn    (no ring)
MPRegen 0.52/turn

%: no passive effects
@: very slow
A: AC +2, large, see invisible, deformed body, poison resistance, slowness 2,
spit poison 1, naga tail 1
a: Spit Poison


You were on level 3 of the Dungeon.
You visited 1 branch of the dungeon, and saw 5 of its levels.

You collected 140 gold pieces.

Inventory:

Hand Weapons
 a - a +2 dagger of venom (weapon)
Armour
 t - a +1 robe of fire resistance (worn)
Magical Staves
 b - a staff of air
Jewellery
 p - an amulet of magic regeneration (around neck)
Scrolls
 c - 2 scrolls of enchant weapon {unknown}
 e - a scroll of fog {unknown}
 i - a scroll of fear {unknown}
 k - 2 scrolls of teleportation {unknown}
 l - a scroll of poison {unknown}
 q - a scroll of enchant armour {unknown}
 r - 2 scrolls of identify {unknown}
 s - a scroll of magic mapping {unknown}
Potions
 d - 2 potions of mutation {unknown}
 f - a potion of might {unknown}
 g - a potion of heal wounds {unknown}
 h - a potion of attraction {unknown}
 j - a potion of cancellation {unknown}
 m - a potion of ambrosia {unknown}
 n - a potion of brilliance {unknown}
 o - 2 potions of magic
 u - a potion of flight {unknown}


   Skills:
 - Level 1.5 Dodging
 - Level 3.0 Stealth
 - Level 3.0 Spellcasting
 - Level 5.0 Conjurations
 + Level 4.3 Fire Magic


You had one spell level left.
You knew the following spells:

 Your Spells              Type           Power      Damage    Failure   Level
a - Foxfire               Conj/Fire      72%        2x1d7     2%          1
s - Scorch                Fire           34%        2d6       4%          2
v - Volatile Blastmotes   Fire/Tloc      18%        2d11      22%         3
w - Flame Wave            Conj/Fire      18%        2d7       26%         4

Your spell library contained the following spells:

 Spells                   Type           Power      Damage    Failure   Level
 Inner Flame              Hex/Fire       9%         N/A       22%         3
 Ozocubu's Armour         Ice            2%         N/A       45%         3
 Metabolic Englaciation   Hex/Ice        1%         N/A       99%         5
 Simulacrum               Ice/Necr       1%         N/A       100%        6


Dungeon Overview and Level Annotations

Branches:
Dungeon (5/15)
 Temple: D:4-7

Altars:


Innate Abilities, Weirdness & Mutations

Your serpentine skin is tough. (AC +2)
You have supernaturally acute eyesight. (SInv)
Armour fits poorly on your strangely shaped body.
Your system is resistant to poisons. (rPois)
You cover ground very slowly.
You can spit poison.
You have a snake-like lower body.


Message History

You barely miss the iguana.
The iguana is moderately wounded.
The iguana is no longer more vulnerable to fire.
The foxfire hits the iguana but does no damage.
The iguana is moderately wounded.
The foxfire hits the goblin.
The goblin is heavily wounded.
The iguana bites you but does no damage.
The goblin hits you but does no damage. The iguana barely misses you.
Your magical contamination has completely faded away.
Aiming: Spit Poison (1% risk of failure)
Press: ? - help, Shift-Dir - straight line, f - goblin
Aim: a goblin, wielding a +0 club (heavily wounded, 50% to hit)
The splash of poison hits the goblin!
You kill the goblin!
The iguana bites you!
* * * LOW HITPOINT WARNING * * *
You have got your breath back.
Casting: Foxfire (safe; 2% risk of failure)
Confirm with . or Enter, or press ? or * to list all spells.
Flames lash the iguana.
The iguana is heavily wounded.
The iguana's fire resistance burns away.
The iguana barely misses you.
Casting: Scorch (safe; 4% risk of failure)
Confirm with . or Enter, or press ? or * to list all spells.
You conjure some foxfire!
The iguana bites you!
* * * LOW HITPOINT WARNING * * *
The foxfire hits the iguana but does no damage.
The iguana is heavily wounded.
The foxfire hits the iguana but does no damage.
The iguana is heavily wounded.
The iguana closely misses you.
Casting: Foxfire (safe; 2% risk of failure)
Confirm with . or Enter, or press ? or * to list all spells.
Flames lash the iguana.
The iguana is burned terribly!
The iguana is almost dead.
The iguana bites you!
You die...

#.........)...#
#.#####.......#
###.### #.......#
#.....# #.##.#.##
#.#.#.###.##.#.#
###............#.#
#.......###.####.#
#.......###......###
###..#.#.<)..l@.......
.........<###....#####
###.....#.# ##++##
........#.# ....
###.......# .....
##...#.##..#..#
##..#..g.l..[.
#..##.'....r. #..
###..#..#


You could see an iguana (combustible).

Vanquished Creatures
  Sigmund (D:3)
  A hound (D:4)
  4 gnolls (D:2)
  6 adders
  2 worms (D:2)
  4 endoplasms
  A giant cockroach (D:2)
  2 goblins
  9 hobgoblins
  4 kobolds
  2 quokkas (D:2)
  8 ball pythons
  5 bats
  2 rats (D:1)
51 creatures vanquished.

Vanquished Creatures (others)
  106 foxfires
106 creatures vanquished.

Grand Total: 157 creatures vanquished

Notes
Turn   | Place    | Note
-------+----------+-------------------------------------------
     0 | D:1      | Cheops the Naga Fire Elementalist began the quest for the
                  | Orb.
     0 | D:1      | Reached XP level 1. HP: 15/15 MP: 3/3
   231 | D:1      | Reached XP level 2. HP: 22/22 MP: 2/5
   317 | D:1      | Learned a level 2 spell: Scorch
   870 | D:2      | Reached XP level 3. HP: 28/28 MP: 1/7
  1007 | D:2      | Reached skill level 2 in Conjurations
  1326 | D:2      | Reached XP level 4. HP: 36/36 MP: 3/8
  1431 | D:2      | Reached skill level 3 in Conjurations
  1929 | D:2      | Learned a level 4 spell: Flame Wave
  1955 | D:3      | You fall into a shaft and drop 2 floors!
  1955 | D:5      | Entered Level 5 of the Dungeon
  1999 | D:4      | Reached XP level 5. HP: 42/42 MP: 6/9
  2183 | D:3      | Noticed Sigmund
  2190 | D:3      | Killed Sigmund
  2191 | D:3      | Reached skill level 4 in Conjurations
  2191 | D:3      | Reached skill level 5 in Conjurations
  2191 | D:3      | Reached XP level 6. HP: 46/49 MP: 5/10
  2195 | D:3      | Learned a level 3 spell: Volatile Blastmotes
  2275 | D:3      | Slain by an iguana

Illustrated notes

Levels and vault maps discovered:
D:1:      minmay_arrival_nine_rooms, layout_basic, minmay_misc_feat_roman
D:2:      layout_basic
D:3:      layout_loops_cross, xom_redecorated, nicolae_overflow_squiral,
          grunt_ministairs_2, kennysheep_generic_room_5, uniq_sigmund
D:4:      layout_basic, minmay_temple_entry_from_below_b,
          ebering_ghost_rock_garden, minivault_4, eino_tiny_chamber,
          minmay_distorted, uniq_duvessa, uniq_crazy_yiuf_cottage,
          uniq_eustachio
D:5:      layout_loops_cross, nicolae_uskayaw_dance_hall,
          mainiacjoe_overflow_boulevard, uniq_menkaure, uniq_blork_the_orc

Skill      XL: |  1  2  3  4  5 |
---------------+----------------+-----
Spellcasting   | 3 |  3.0
Conjurations   | 2 3 5 |  5.0
Fire Magic     | 4 |  4.3
Dodging        | |  1.5
Stealth        | |  3.0

Action                     |  1- 3 |  4- 6 || total
---------------------------+-------+-------++-------
  Melee: Unarmed           |     3 |       ||     3
         Dagger            |     3 |    10 ||    13
   Cast: Foxfire           |    40 |    20 ||    60
         Scorch            |     3 |    16 ||    19
Ability: Spit Poison       |     6 |     3 ||     9
   Stab: Sleeping          |       |     1 ||     1
 Armour: Robe              |     7 |     6 ||    13
  Dodge: Dodged            |    14 |    11 ||    25
